 Dungeon Crawl Stone Soup version 0.23.2-40-g277498a001 (webtiles) character file.

Game seed: 2327230103549372718

364957 Amanar the Warrior (level 23, -15/186 HPs)
             Began as a Human Fighter on Sept 18, 2019.
             Was the Champion of Okawaru.
             Blown up by a lich (64 damage)
             ... with an orb of destruction
             ... on level 5 of the Depths.
             The game lasted 03:07:01 (47787 turns).

Amanar the Warrior (Human Fighter)                 Turns: 47787, Time: 03:07:01

Health: -15/186    AC: 33    Str: 33    XL:     23   Next: 94%
Magic:  35/35      EV: 32    Int:  8    God:    Okawaru [******]
Gold:   3473       SH: 15    Dex: 18    Spells: 22/22 levels left

rFire    + + .     SeeInvis .   a - +11 quick blade "Ysutag" {freeze, rC+ rN+ MR+ Str+4}
rCold    + + .     Gourm    .   r - +0 shield {reflect}
rNeg     + + .     Faith    .   p - +1 crystal plate armour "Tusavuvo" {rPois rN+}
rPois    +         Spirit   .   D - +0 helmet {Int+3}
rElec    .         Reflect  +   l - scarf {rC+ rF+}
rCorr    +         Harm     .   O - +2 pair of gloves of the Lich-sworn {Regen+ Stlth+}
MR       ++...                  Z - +1 pair of boots
Stlth    ..........             k - amulet of the acrobat
HPRegen  0.81/turn              t - ring of resist corrosion
MPRegen  0.24/turn              C - ring of Symmetry {rF+ Str+5 Dex+3 Slay+3}

@: acrobat, studying 2 skills, lightly drained
A: dopey 2
}: 1/15 runes: barnacled
a: Heroism, Finesse, Renounce Religion


You were on level 5 of the Depths.
You worshipped Okawaru.
Okawaru was exalted by your worship.
You were not hungry.

You visited 7 branches of the dungeon, and saw 36 of its levels.
You visited the Abyss 2 times.
You visited 1 bazaar.

You collected 5173 gold pieces.
You spent 1700 gold pieces at shops.

Inventory:

Hand Weapons
 a - the +11 quick blade "Ysutag" (weapon) {freeze, rC+ rN+ MR+ Str+4}
   (You acquired it on level 9 of the Dungeon)

   It has been specially enchanted to freeze those struck by it, causing extra
   injury to most foes and up to half again as much damage against particularly
   susceptible opponents.
   It can also slow down cold-blooded creatures.
   It affects your strength (+4).
   It protects you from cold.
   It protects you from negative energy.
   It affects your resistance to hostile enchantments.
 b - the +10 hand crossbow of Contention {velocity, Int+5}
   (Okawaru gifted it to you on level 3 of the Elven Halls)

   Any bolt fired from it inflicts extra damage.
   It affects your intelligence (+5).
Missiles
 w - 7 throwing nets (quivered) {!f}
 Q - 256 bolts
Armour
 l - a scarf of resistance (worn)
   (You found it on level 12 of the Dungeon)
 p - the +1 crystal plate armour "Tusavuvo" (worn) {rPois rN+}
   (Okawaru gifted it to you on level 2 of the Depths)

   It protects you from poison.
   It protects you from negative energy.
 r - a +0 shield of reflection (worn)
   (You bought it in a shop on level 2 of the Orcish Mines)
 D - a +0 helmet of intelligence (worn)
   (Okawaru gifted it to you on level 1 of the Elven Halls)
 O - the +2 pair of gloves of the Lich-sworn (worn) {Regen+ Stlth+}
   (You bought it in a shop in a bazaar)

   It increases your rate of regeneration.
   It makes you more stealthy.
 Z - a +1 pair of boots (worn)
   (You found it on level 3 of the Elven Halls)
Jewellery
 k - an amulet of the acrobat (around neck)
   (You found it on level 1 of the Dungeon)
 t - a ring of resist corrosion (left hand)
   (You took it off a necromancer on level 4 of the Depths)
 z - an uncursed ring of see invisible
   (You found it on level 13 of the Dungeon)
 C - the ring of Symmetry (right hand) {rF+ Str+5 Dex+3 Slay+3}
   (You found it on level 12 of the Dungeon)

   [ring of strength]

   It affects your strength (+5).
   It affects your dexterity (+3).
   It affects your accuracy and damage with ranged weapons and melee attacks
   (+3).
   It protects you from fire.
 I - a +4 ring of evasion
   (You found it on level 4 of the Dungeon)
Wands
 c - a wand of disintegration (14)
   (You found it on level 4 of the Depths)
 d - a wand of iceblast (24)
   (You found it on level 3 of the Elven Halls)
 n - a wand of scattershot (7)
   (You found it on level 1 of the Lair of Beasts)
 u - a wand of paralysis (7)
   (You took it off a deep elf mage on level 3 of the Elven Halls)
 v - a wand of digging (21)
   (You found it on level 9 of the Dungeon)
 x - a wand of acid (12)
   (You found it on level 12 of the Dungeon)
 y - a wand of enslavement (26)
   (You took it off Psyche on level 10 of the Dungeon)
 K - a wand of polymorph (16)
   (You found it on level 3 of the Elven Halls)
Scrolls
 f - 4 scrolls of immolation {!r}
 h - 5 scrolls of magic mapping
 s - a scroll of holy word
 B - 3 scrolls of fear
 E - 18 scrolls of teleportation {@r4}
 F - 14 scrolls of remove curse {@r2}
 G - 10 scrolls of identify {@r1}
 H - 5 scrolls of enchant weapon
 M - 3 scrolls of blinking
Potions
 g - 7 potions of brilliance
 j - 6 potions of lignification {!q}
 m - 5 potions of resistance
 o - 11 potions of curing {@q1}
 q - 2 potions of haste {@q3}
 A - 9 potions of mutation {!q}
 R - a potion of might
 S - 3 potions of flight
 T - a potion of cancellation
 U - a potion of ambrosia
 Y - 3 potions of magic
Books
 J - a manual of Unarmed Combat {!d}
   (You found it on level 1 of the Lair of Beasts)
 P - a manual of Long Blades {!d}
   (You found it on level 3 of the Elven Halls)
Miscellaneous
 W - a phantom mirror
Comestibles
 e - 49 rations {!d}


   Skills:
 + Level 16.9(16.8) Fighting
 - Level 5.6(10.5) Short Blades
 + Level 13.5(13.9) Long Blades
 - Level 10.0(9.9) Crossbows
 + Level 16.8 Armour
 + Level 16.6 Dodging
 * Level 13.5(13.4) Shields
 + Level 10.9(10.8) Invocations
 + Level 16.5(16.4) Evocations


You had 22 spell levels left.
You didn't know any spells.
Your spell library contained the following spells:

 Spells                   Type           Power        Failure   Level  Hunger
 Animate Skeleton         Necr           N/A          99%         1    ##.....
 Corona                   Hex            #......      99%         1    ##.....
 Freeze                   Ice            #...         99%         1    ##.....
 Infusion                 Chrm           #...         99%         1    ##.....
 Magic Dart               Conj           #...         99%         1    ##.....
 Pain                     Necr           #...         99%         1    ##.....
 Shock                    Conj/Air       #...         99%         1    ##.....
 Sting                    Conj/Pois      #...         99%         1    ##.....
 Corpse Rot               Necr           N/A          100%        2    ###....
 Ensorcelled Hibernation  Hex/Ice        #.....       100%        2    ###....
 Poisonous Vapours        Pois/Air       #.....       100%        2    ###....
 Searing Ray              Conj           #.....       100%        2    ###....
 Shroud of Golubria       Chrm/Tloc      #.........   100%        2    ###....
 Slow                     Hex            #.......     100%        2    ###....
 Song of Slaying          Chrm           #.......     100%        2    ###....
 Sublimation of Blood     Necr           #.........   100%        2    ###....
 Swiftness                Chrm/Air       #.......     100%        2    ###....
 Throw Frost              Conj/Ice       #.....       100%        2    ###....
 Confuse                  Hex            #.......     100%        3    ####...
 Dazzling Spray           Conj/Hex       #.....       100%        3    ####...
 Ignite Poison            Fire/Tmut/Pois #.......     100%        3    ####...
 Inner Flame              Hex/Fire       #.......     100%        3    ####...
 Mephitic Cloud           Conj/Pois/Air  #.......     100%        3    ####...
 Ozocubu's Armour         Chrm/Ice       #.......     100%        3    ####...
 Portal Projectile        Hex/Tloc       #.....       100%        3    ####...
 Regeneration             Chrm/Necr      #.........   100%        3    ####...
 Spectral Weapon          Hex/Chrm       #.......     100%        3    ####...
 Static Discharge         Conj/Air       #.......     100%        3    ####...
 Stone Arrow              Conj/Erth      #.....       100%        3    ####...
 Tukima's Dance           Hex            #.......     100%        3    ####...
 Vampiric Draining        Necr           #.........   100%        3    ####...
 Airstrike                Air            #.........   100%        4    #####..
 Animate Dead             Necr           N/A          100%        4    #####..
 Cause Fear               Hex            #.........   100%        4    #####..
 Force Lance              Conj/Tloc      #.......     100%        4    #####..
 Fulminant Prism          Conj/Hex       #.........   100%        4    #####..
 Ice Form                 Ice/Tmut       #.......     100%        4    #####..
 Iskenderun's Mystic Bla  Conj           #.......     100%        4    #####..
 Leda's Liquefaction      Hex/Erth       #.........   100%        4    #####..
 Olgreb's Toxic Radiance  Pois           #.......     100%        4    #####..
 Petrify                  Tmut/Erth      #.......     100%        4    #####..
 Summon Ice Beast         Ice/Summ       #.......     100%        4    #####..
 Throw Icicle             Conj/Ice       #.......     100%        4    #####..
 Alistair's Intoxication  Tmut/Pois      #.......     100%        5    ######.
 Bolt of Magma            Conj/Fire/Erth #.........   100%        5    ######.
 Irradiate                Conj/Tmut      #.........   100%        5    ######.
 Lightning Bolt           Conj/Air       #.........   100%        5    ######.
 Metabolic Englaciation   Hex/Ice        #.........   100%        5    ######.
 Summon Forest            Summ/Tloc      #.........   100%        5    ######.
 Venom Bolt               Conj/Pois      #.........   100%        5    ######.
 Bolt of Cold             Conj/Ice       #.........   100%        6    #######
 Death Channel            Necr           #.........   100%        6    #######
 Freezing Cloud           Conj/Ice/Air   #.........   100%        6    #######
 Hydra Form               Tmut           #.........   100%        6    #######
 Iron Shot                Conj/Erth      #.........   100%        6    #######
 Ozocubu's Refrigeration  Ice            #.........   100%        6    #######
 Simulacrum               Ice/Necr       #.........   100%        6    #######
 Statue Form              Tmut/Erth      #........    100%        6    #######
 Dragon Form              Tmut           #.........   100%        7    #######
 Haunt                    Necr/Summ      #.........   100%        7    #######
 Malign Gateway           Summ/Tloc      #.........   100%        7    #######
 Spellforged Servitor     Conj/Summ      #.........   100%        7    #######
 Summon Hydra             Summ           #.........   100%        7    #######
 Borgnjor's Revivificati  Necr           #.........   100%        8    #######
 Death's Door             Chrm/Necr      #.........   100%        8    #######
 Infestation              Necr           #.........   100%        8    #######
 Necromutation            Tmut/Necr      #.........   100%        8    #######
 Shatter                  Erth           #.........   100%        9    #######


Dungeon Overview and Level Annotations

Branches:
Dungeon (15/15)            Temple (1/1) D:7            Lair (6/6) D:11
 Shoals (4/4) Lair:3       Spider (0/4) Lair:4        Slime (0/5) Lair:5
    Orc (2/2) D:12            Elf (3/3) Orc:2        Vaults (0/5) D:13
 Depths (5/5) D:15
    Zot: Depths:5

Altars:
Ashenzari
Cheibriados
Dithmenos
Elyvilon
Fedhas
Hepliaklqana
Kikubaaqudgha
Makhleb
Nemelex Xobeh
Okawaru
Qazlal
Ru
Sif Muna
Trog
Uskayaw
Vehumet
Wu Jian
Yredelemnul
Zin
The Shining One
Beogh

Shops:
D:5 }   D:8 [   D:10 *}=*?   D:13 }[(%   Orc:2 ([?[   Elf:1 (   Depths:4 !

Portals:
Hell: Depths:1 Depths:2 Depths:3 Depths:4
Abyss: Depths:4
Pandemonium: Depths:1 Depths:3

Annotations:
D:8 1 runed translucent door, Frank2's ghost, novice DgGl
D:15 exclusion: downstairs
Depths:4 2 transporters, Beacw's ghost, adept VSGl


Innate Abilities, Weirdness & Mutations

You are very dopey. (Int -4)


Message History

The golden dragon claws you but does no damage.
The golden dragon tramples you.
You are shoved backwards!
The lich touches you but does no damage.
The lich touches you.
You can move again.
The +11 quick blade "Ysutag" {freeze, rC+ rN+ MR+ Str+4} glows with a cold blue light!
a - the +11 quick blade "Ysutag" (weapon)
{freeze, rC+ rN+ MR+ Str+4} The lich conjures an orb of pure magic.
The wavering orb of destruction weakly hits the ice dragon!!!
The golden dragon breathes poison at you.
The blast of poison engulfs you but does no damage.
You resist.
You hear a roar!
Unknown command.
You barely miss the lich.
Unknown command.
You puncture the lich! The lich casts a spell at you.
The bolt of lightning hits you!!!
* * * LOW HITPOINT WARNING * * *
The ice dragon breathes frost at you. The blast of cold hits you! You resist.
* * * LOW HITPOINT WARNING * * *
The golden dragon completely misses you.
The golden dragon claws you but does no damage.
You block the golden dragon's attack. You block the lich's attack.
A bone dragon comes into view.
The lich touches you.
* * * LOW HITPOINT WARNING * * *
You partially resist.
You feel drained.
A yellow draconian shifter comes into view.
It is wielding a +0 rapier.
The lich touches you but does no damage.
You see here the +9 hunting sling "Gecs" {freeze, *Contam +Blink Str+4}.
The yellow draconian shifter roars!
The golden dragon breathes cold at you.
The bolt of cold hits the lich.
The lich resists.
The bolt of cold hits you!! You resist.
* * * LOW HITPOINT WARNING * * *
The yellow draconian shifter casts a spell at you.
You blink.
The lich conjures a glowing orb.
An orb of destruction comes into view.
The lich gestures at you while chanting.
The bolt of lightning misses you.
The lich conjures a glowing orb.
An orb of destruction comes into view.
The orb of destruction hits the golden dragon!!!
The orb of destruction hits you!!!
You die...

...#.# ##........................
.....###.........................
)....##..........................
......).○........................
.........L.......................
...#....D○D..................,,,,
..##.......○................,,,,,
.##........○○..............,,,,,,
..D..........☼○☼@...####..***,,,,
##..q..............## *,** **,,,
*##..............#..#***,* **,,*
***,,...........###..#*,,* **,,,*
,**,,..........##*,....,** *,**,,
,,,,,...........**,,...#* ****,,
*,,,,............,,,,...* **,,,,
+,,**.........#.#.,,,...****,,,,,
*,,**,,,,,,,,,,∩,,,,,,,,,,,,,,,**


You could see a golden dragon and a lich.

Vanquished Creatures
  A juggernaut (Depths:4)
  Saint Roka (Elf:2)
  2 golden dragons (Depths:4)
  A bone dragon (Abyss:2)
  A lich (Depths:4)
  Jorgrun (Shoals:3)
  A titan (Depths:2)
  3 deep elf blademasters (Elf:3)
  Asterion (Elf:2)
  3 deep elf master archers
  3 tentacled starspawn
  Polyphemus (Shoals:4)
  A storm dragon (Depths:4)
  A sphinx (shapeshifter) (Depths:3)
  A sphinx (Depths:2)
  Gastronok (Orc:1)
  Frances (D:13)
  Kirke (Shoals:4)
  2 azure jellies (shapeshifter) (Depths:3)
  A tengu reaver (Depths:2)
  8 deep elf sorcerers
  9 fire giants
  Ilsuiw (Shoals:3)
  An iron dragon (Depths:4)
  A balrug (Depths:2)
  5 frost giants
  A draconian scorcher (Depths:5)
  Louise (Elf:2)
  An orc warlord (Orc:1)
  3 deep elf elementalists
  16 very ugly things
  A war gargoyle (Depths:3)
  6 stone giants
  An ironheart preserver (D:13)
  3 vampire knights
  Azrael (D:13)
  11 deep elf annihilators
  8 deep elf demonologists
  A purple draconian (Depths:5)
  A minotaur (Lair:1)
  6 spark wasps
  5 deep elf death magi (Elf:3)
  2 lorocyprocas (Depths:1)
  4 ettins
  The ghost of OrcJesus the Grappler, a journeyman TrBe of Trog (D:10)
  2 blizzard demons (Depths:3)
  A green death (Abyss:2)
  2 merfolk javelineers (Shoals:4)
  9 merfolk impalers
  4 deep elf high priests
  Erolcha (D:12)
  14 crystal guardians
  12 great orbs of eyes
  Josephine (D:13)
  5 hydras
  6 rakshasas
  Fannar (D:10)
  8 ice dragons
  6 fire dragons
  2 spriggan air magi
  A naga warrior (Abyss:2)
  The ghost of Uziduoj the Spear-Bearer, a journeyman MfSu of Sif Muna (Lair:1)
  Erica (D:8)
  The ghost of bildradio the Geomancer, a journeyman GrEE of Vehumet (Lair:2)
  11 centaur warriors
  3 ogre magi
  7 merfolk aquamancers (Shoals:4)
  10 merfolk avatars
  14 two-headed ogres
  A two-headed ogre (shapeshifter) (Depths:3)
  3 catoblepae
  2 alligator snapping turtles (Shoals:4)
  2 deep troll shamans
  8 death yaks
  42 dancing weapons
  7 deep troll earth magi
  4 tengu warriors
  A thrashing horror (Abyss:2)
  2 spriggan berserkers
  An orc high priest (Orc:2)
  12 deep elf knights
  Urug (Lair:4)
  2 sun demons (Depths:2)
  Nergalle (Lair:4)
  Sonja (D:11)
  5 hell knights (Depths:1)
  3 wretched stars (Abyss:2)
  A spatial maelstrom (Abyss:2)
  A salamander mystic (Depths:2)
  A fire crab (shapeshifter) (Depths:4)
  3 skeletal warriors (D:15)
  An iron troll (Depths:4)
  11 sea snakes
  A sixfirhy (Abyss:2)
  An infernal demonspawn (Depths:1)
  14 deep trolls
  2 starcursed masses (Abyss:2)
  A kraken simulacrum (Shoals:4)
  A wizard (D:15)
  3 unseen horrors
  4 obsidian statues (Depths:3)
  5 glowing orange brains
  5 deep elf archers
  3 orc knights
  3 necromancers
  Pikel (D:4)
  A tengu skeleton (Depths:2)
  49 deep elf magi
  4 lindwurms
  17 manticores
  4 salamanders
  17 harpies
  A fire giant zombie (Depths:2)
  A cyclops (shapeshifter) (Depths:3)
  2 wolf spiders (Lair:4)
  9 fauns
  9 cyclopes
  An elephant (shapeshifter) (D:13)
  4 orc sorcerers
  6 water nymphs
  Maurice (D:10)
  10 ugly things
  A wolf spider (shapeshifter) (Depths:3)
  11 elephants
  8 torpor snails (Lair:6)
  A guardian serpent (Abyss:2)
  Psyche (D:10)
  7 spiny frogs
  A naga mage (Abyss:2)
  5 smoke demons (Abyss:2)
  An ice statue (D:10)
  6 black mambas
  5 molten gargoyles (Depths:3)
  A rust devil (Abyss:2)
  2 centaur skeletons
  14 merfolk sirens
  An orange demon (Elf:2)
  A dire elephant skeleton (Abyss:2)
  2 gargoyles (Depths:3)
  A spriggan skeleton (Depths:2)
  6 rime drakes
  2 komodo dragons
  A kobold demonologist (Depths:1)
  A hellion (Depths:1)
  A komodo dragon (shapeshifter) (Depths:1)
  A rime drake (shapeshifter) (Depths:2)
  2 hellwings (Abyss:2)
  3 ice devils
  An efreet (Abyss:2)
  An elf skeleton (Depths:2)
  24 merfolk
  13 yaktaurs
  3 ancient zymes (Abyss:2)
  3 tyrant leeches (Lair:6)
  2 jumping spiders (Lair:4)
  A merfolk (shapeshifter) (Depths:3)
  A polar bear (shapeshifter) (Abyss:2)
  A queen bee (shapeshifter) (Depths:3)
  9 trolls
  A polar bear (Lair:4)
  A meliai (shapeshifter) (Depths:4)
  5 large abominations
  10 wind drakes
  3 raiju (Abyss:2)
  A blink frog (shapeshifter) (D:15)
  9 hornets
  34 blink frogs
  10 snapping turtles
  15 slime creatures
  2 dream sheep (shapeshifter) (Depths:3)
  A fire dragon zombie (Abyss:2)
  22 dream sheep
  9 hippogriffs
  A meliai zombie (D:12)
  3 shadows
  A black mamba zombie (Abyss:2)
  A yak (shapeshifter) (Elf:1)
  13 water elementals
  6 air elementals
  A centaur simulacrum (D:15)
  25 yaks
  5 wraiths
  2 ynoxinuls (Abyss:2)
  4 wyverns
  4 fire bats (Abyss:2)
  A hog (Shoals:4)
  19 fire elementals
  A hog (shapeshifter) (Depths:2)
  A spriggan simulacrum (Depths:2)
  2 vampire mosquitoes (D:14)
  4 basilisks
  2 neqoxecs
  2 hungry ghosts
  4 small abominations (Abyss:2)
  3 wargs
  2 insubstantial wisps (Depths:3)
  A naga (Abyss:2)
  A swamp worm (shapeshifter) (Depths:3)
  A soldier ant (D:14)
  2 acid dragons
  Duvessa (D:4)
  4 porcupines
  10 water moccasins
  6 hell hounds
  4 sky beasts
  34 orc warriors
  A slave (D:4)
  4 phantoms
  A black bear (D:8)
  An eye of draining (shapeshifter) (Depths:3)
  6 ice beasts
  3 eyes of draining
  16 ogres
  6 wolves (Lair:2)
  16 centaurs
  3 boggarts
  2 big kobolds
  15 crocodiles
  A wyvern zombie (D:10)
  16 earth elementals
  16 bullfrogs
  A water moccasin skeleton (D:11)
  6 scorpions
  Dowan (D:4)
  3 wights (D:12)
  A wyvern skeleton (D:14)
  8 killer bees
  5 howler monkeys
  3 crimson imps
  3 quasits
  4 centaur zombies
  3 lava snakes (D:12)
  A bullfrog zombie (D:9)
  7 jellies
  5 hounds
  24 orc priests
  4 bullfrog skeletons
  An iron imp (Abyss:2)
  28 orc wizards
  6 iguanas
  Natasha (D:4)
  13 worker ants
  A hound zombie (D:9)
  A hound skeleton (D:9)
  16 adders
  4 gnolls (D:6)
  4 shadow imps
  An ufetubus (Abyss:2)
  2 oozes
  2 worms
  4 ball lightnings (Depths:3)
  7 leopard geckos
  99 orcs
  7 bats
  4 giant cockroaches
  9 goblins
  9 hobgoblins
  2 jackals (D:8)
  4 quokkas
  5 frilled lizards
  A jackal skeleton (D:4)
  22 kobolds
  A leopard gecko zombie (D:5)
  A quokka skeleton (D:6)
  4 rats
  A plant (Lair:6)
  2 starspawn tentacles (Abyss:2)
1432 creatures vanquished.

Vanquished Creatures (collateral kills)
  A shadow dragon (Depths:4)
  A cyclops (D:10)
  A slave (D:4)
  An ogre (D:5)
  A bullfrog (D:10)
  A giant cockroach (D:5)
6 creatures vanquished.

Vanquished Creatures (others)
  2 deep elf master archers (Elf:3)
  A stone giant (Depths:2)
  A merfolk javelineer (Shoals:4)
  A merfolk impaler (Shoals:4)
  A yaktaur captain (Depths:4)
  2 dancing weapons
  A shock serpent (Depths:3)
  A glowing orange brain (Depths:3)
  2 deep elf magi
  A salamander (Depths:2)
  A yaktaur (Depths:1)
  A slime creature (D:13)
  An air elemental (Depths:3)
  5 humans (Shoals:4)
  2 slaves (D:4)
  2 boggarts (Depths:4)
  A centaur (Depths:1)
  A killer bee (D:9)
  An orc wizard (D:9)
  Natasha (twice) (D:4)
  An adder (D:12)
  6 ball lightnings (Depths:3)
  A leopard gecko (D:4)
  An orc (D:5)
  A fungus (Lair:2)
  A lurking horror (Abyss:2)
  35 plants
  23 starspawn tentacles
  4 tentacles (Shoals:4)
  2 withered plants (D:8)
105 creatures vanquished.

Grand Total: 1543 creatures vanquished

Notes
Turn   | Place    | Note
-------+----------+-------------------------------------------
     0 | D:1      | Amanar the Human Fighter began the quest for the Orb.
     0 | D:1      | Reached XP level 1. HP: 18/18 MP: 1/1
   111 | D:1      | Reached XP level 2. HP: 24/24 MP: 2/2
   771 | D:2      | Reached XP level 3. HP: 27/29 MP: 3/3
   838 | D:2      | Reached skill level 1 in Dodging
   987 | D:2      | Reached XP level 4. HP: 10/35 MP: 4/4
  1711 | D:2      | Reached XP level 5. HP: 28/41 MP: 5/5
  2851 | D:4      | Noticed a slave
  2851 | D:4      | Noticed Natasha
  2851 | D:4      | Noticed a slave
  2885 | D:4      | Killed a slave
  2911 | D:4      | Killed a slave
  3104 | D:4      | Noticed an ogre
  3133 | D:4      | Reached XP level 6. HP: 46/48 MP: 6/6
  3142 | D:4      | Your ally died
  3197 | D:4      | Noticed Pikel
  3199 | D:4      | Noticed a slave
  3200 | D:4      | Noticed a slave
  3212 | D:4      | Killed Pikel
  3212 | D:4      | Reached skill level 5 in Long Blades
  3212 | D:4      | Reached XP level 7. HP: 55/55 MP: 8/8
  3306 | D:4      | Noticed Duvessa
  3306 | D:4      | Noticed Dowan
  3311 | D:5      | Entered Level 5 of the Dungeon
  3612 | D:5      | Reached XP level 8. HP: 58/61 MP: 9/9
  4067 | D:5      | Reached skill level 5 in Armour
  4110 | D:5      | Found a stormy altar of Qazlal.
  4257 | D:5      | Reached skill level 5 in Fighting
  4541 | D:5      | Found Ysangun's Gadget Boutique.
  4837 | D:5      | Reached XP level 9. HP: 49/68 MP: 11/11
  5334 | D:6      | Found a deep blue altar of Sif Muna.
  6541 | D:7      | You fall through a shaft for 2 floors!
  6784 | D:9      | Reached skill level 5 in Dodging
  7107 | D:9      | Noticed a troll
  7116 | D:9      | Killed a troll
  7116 | D:9      | Reached XP level 10. HP: 68/76 MP: 13/13
  7281 | D:9      | Reached skill level 5 in Evocations
  7952 | D:10     | Entered Level 10 of the Dungeon
  7961 | D:10     | Noticed a cyclops
  8276 | D:10     | Noticed Maurice
  8384 | D:9      | Identified a scroll of acquirement
  8387 | D:9      | Got a twisted quick blade
  8388 | D:9      | Identified the +11 quick blade "Ysutag" {freeze, rC+ rN+
                  | MR+ Str+4} (You acquired it on level 9 of the Dungeon)
  8481 | D:10     | Found Teunko's Magic Scroll Boutique.
  8527 | D:10     | Reached skill level 1 in Short Blades
  8537 | D:10     | Noticed Fannar
  8590 | D:10     | Killed Fannar
  8743 | D:10     | Found Fifusust's Jewellery Shoppe.
  8763 | D:10     | Found Goel's Gadget Shop.
  8798 | D:10     | Bought a box of beasts for 340 gold pieces
  8798 | D:10     | Found a transporter.
  8834 | D:10     | Noticed Psyche
  8848 | D:10     | Killed Psyche
  8853 | D:10     | Noticed an ice statue
  8870 | D:10     | Found Arazxit's General Store.
  8879 | D:10     | Killed Maurice
  8879 | D:10     | Reached XP level 11. HP: 27/84 MP: 15/15
  9209 | D:10     | Noticed OrcJesus's ghost (journeyman TrBe)
  9255 | D:10     | Found a transporter.
  9512 | D:10     | Killed a cyclops
  9617 | D:10     | Found Qibinyhu's General Store.
  9819 | D:11     | Noticed a red ugly thing
  9849 | D:11     | Found a staircase to the Lair.
 10011 | D:11     | Killed a red ugly thing
 10169 | D:8      | Noticed a two-headed ogre
 10189 | D:8      | Killed a two-headed ogre
 10341 | D:8      | Reached skill level 5 in Short Blades
 10459 | D:7      | Found a staircase to the Ecumenical Temple.
 10492 | Temple   | Entered the Ecumenical Temple
 10587 | Temple   | Became a worshipper of Warmaster Okawaru
 11008 | D:4      | Killed Dowan
 11010 | D:4      | Killed Natasha
 11129 | D:4      | Killed Duvessa
 11203 | D:4      | Noticed Natasha
 11206 | D:4      | Killed Natasha
 11327 | D:4      | Found an ornate altar of the Wu Jian Council.
 11516 | D:11     | Noticed a two-headed ogre
 11535 | D:11     | Killed a two-headed ogre
 11535 | D:11     | Reached * piety under Okawaru
 11649 | D:11     | Noticed Sonja
 11662 | D:11     | Killed Sonja
 11806 | D:11     | Noticed a manticore
 11815 | D:11     | Killed a manticore
 11815 | D:11     | Reached ** piety under Okawaru
 11829 | D:11     | Identified the Guide on Evil Displacement
 12111 | D:11     | Noticed a red ugly thing
 12118 | D:11     | Killed a red ugly thing
 12263 | D:11     | Reached XP level 12. HP: 86/93 MP: 17/17
 12301 | D:11     | Reached *** piety under Okawaru
 12462 | D:10     | Bought a scroll of enchant armour for 97 gold pieces
 12462 | D:10     | Bought a scroll of enchant armour for 97 gold pieces
 12462 | D:10     | Bought a scroll of enchant armour for 97 gold pieces
 12518 | D:10     | Gained mutation: You are dopey. (Int -2) [a neqoxec]
 12521 | D:10     | Gained mutation: You are very dopey. (Int -4) [a neqoxec]
 12536 | D:10     | Killed OrcJesus's ghost
 13135 | D:12     | Found a staircase to the Orcish Mines.
 13306 | D:12     | Noticed Erolcha
 13449 | D:12     | Reached **** piety under Okawaru
 13466 | D:12     | Got a bound pewter ring
 13468 | D:12     | Identified the ring of Symmetry {rF+ Str+5 Dex+3 Slay+3}
                  | (You found it on level 12 of the Dungeon)
 13611 | D:12     | Killed Erolcha
 13627 | D:12     | Found the +5 scythe "Finisher" {speed, eviscerate}
 14076 | D:13     | Noticed a centaur warrior
 14088 | D:13     | Killed a centaur warrior
 14088 | D:13     | Reached ***** piety under Okawaru
 14128 | D:13     | Found Hefipt's Gadget Shoppe.
 14129 | D:13     | Noticed Azrael
 14136 | D:13     | Killed Azrael
 14136 | D:13     | Reached XP level 13. HP: 101/101 MP: 16/19
 14213 | D:13     | Noticed a centaur warrior
 14225 | D:13     | Killed a centaur warrior
 14261 | D:13     | Reached skill level 10 in Armour
 14564 | D:13     | Reached skill level 10 in Fighting
 14591 | D:13     | Found Kuke's Armour Shop.
 14609 | D:13     | Found Niamehul's Food Boutique.
 14643 | D:13     | Noticed Josephine
 14646 | D:13     | Noticed a centaur warrior
 14658 | D:13     | Received a gift from Okawaru
 14672 | D:13     | Killed Josephine
 14679 | D:13     | Killed a centaur warrior
 14693 | D:13     | Got an ancient quick blade {god gift}
 14694 | D:13     | Identified the +7 quick blade "Jeepp" {vamp, Str+2}
                  | (Okawaru gifted it to you on level 13 of the Dungeon)
 14737 | D:13     | Noticed an ironheart preserver
 14738 | D:13     | Found a gate to the Vaults.
 14771 | D:13     | Killed an ironheart preserver
 14845 | D:13     | Found Jishefykhle's Antique Weapon Emporium.
 14908 | D:13     | Found a flickering gateway to a bazaar.
 15046 | Bazaar   | Entered a bazaar
 15046 | Bazaar   | Found Yleocu's Antique Armour Shoppe.
 15046 | Bazaar   | Found Zeatapn's Distillery.
 15046 | Bazaar   | Found Geusiug's Jewellery Boutique.
 15076 | Bazaar   | Found Qeavvaupp's General Store.
 15084 | Bazaar   | Found Yshrukim's Antique Weapon Emporium.
 15120 | Bazaar   | Bought a pair of warped gloves for 190 gold pieces
 15130 | Bazaar   | Identified the +2 pair of gloves of the Lich-sworn {Regen+
                  | Stlth+} (You bought it in a shop in a bazaar)
 15355 | D:14     | Reached ****** piety under Okawaru
 15386 | D:14     | Received a gift from Okawaru
 15394 | D:14     | Reached skill level 10 in Dodging
 15399 | D:14     | Got a faintly glowing scimitar {god gift}
 15400 | D:14     | Identified the +10 scimitar of Okawaru {slice, Str+3}
                  | (Okawaru gifted it to you on level 14 of the Dungeon)
 15598 | D:14     | Reached skill level 10 in Evocations
 15744 | D:14     | Received a gift from Okawaru
 15845 | D:14     | Noticed a seven-headed hydra
 15855 | D:14     | Killed a seven-headed hydra
 15855 | D:14     | Reached XP level 14. HP: 108/111 MP: 18/21
 16333 | D:15     | Entered Level 15 of the Dungeon
 16526 | D:15     | Found a staircase to the Depths.
 16526 | D:15     | Noticed a fire giant
 16586 | D:15     | Cast into level 2 of the Abyss (a wizard)
 16586 | Abyss:2  | Found a corrupted altar of Lugonu.
 16619 | Abyss:2  | Found a corrupted altar of Lugonu.
 16625 | Abyss:2  | Noticed a tentacled monstrosity
 16640 | Abyss:2  | Noticed a tentacled starspawn
 16651 | Abyss:2  | Noticed a lorocyproca
 16751 | Abyss:2  | Noticed a daeva
 16895 | Abyss:2  | Noticed a tentacled starspawn
 16931 | Abyss:2  | Killed a tentacled starspawn
 17018 | Abyss:2  | Found a roughly hewn altar of Beogh.
 17117 | Abyss:2  | Noticed a tentacled starspawn
 17195 | Abyss:2  | Killed a tentacled starspawn
 17195 | Abyss:2  | Received a gift from Okawaru
 17208 | Abyss:2  | Got a translucent double sword {god gift}
 17210 | D:15     | Escaped the Abyss
 17414 | D:15     | Reached XP level 15. HP: 107/120 MP: 23/23
 17693 | D:15     | Received a gift from Okawaru
 17817 | D:15     | Got a steaming long sword
 17818 | D:15     | Identified the +6 double sword "Boetatte" {freeze, rElec
                  | rC+ Str-5 Dex+3} (Okawaru gifted it to you on level 2 of
                  | the Abyss)
 17819 | D:15     | Identified the cursed +1 long sword of Yzaen {venom, rPois
                  | Str+4} (You found it on level 15 of the Dungeon)
 18089 | D:15     | Killed a fire giant
 18204 | Orc:1    | Entered Level 1 of the Orcish Mines
 18204 | Orc:1    | Noticed Gastronok
 18230 | Orc:1    | Killed Gastronok
 18477 | Orc:2    | Entered Level 2 of the Orcish Mines
 18559 | Orc:2    | Found an iron altar of Okawaru.
 18874 | Orc:2    | Found a roughly hewn altar of Beogh.
 18921 | Orc:2    | Found a staircase to the Elven Halls.
 18971 | Orc:2    | Found a roughly hewn altar of Beogh.
 18971 | Orc:2    | Found Netsijeg's Antique Armour Boutique.
 19059 | Orc:2    | Found a roughly hewn altar of Beogh.
 19071 | Orc:2    | Found Covunu Igge's Magic Scroll Emporium.
 19093 | Orc:2    | Bought a scroll of acquirement for 572 gold pieces
 19095 | Orc:2    | Found the +27 Lear's hauberk
 19330 | Orc:2    | Noticed an orc warlord
 19346 | Orc:2    | Found a roughly hewn altar of Beogh.
 19346 | Orc:2    | Found Puluxodd's Antique Armour Boutique.
 19606 | Orc:1    | Killed an orc warlord
 19684 | Orc:2    | Received a gift from Okawaru
 19717 | Orc:2    | Found Kider's Antique Weapon Shop.
 20223 | D:10     | Bought a scroll of enchant weapon for 97 gold pieces
 20261 | Lair:1   | Entered Level 1 of the Lair of Beasts
 20334 | Lair:1   | Noticed Uziduoj's ghost (journeyman MfSu)
 20582 | Lair:1   | Found a runed translucent gate.
 20582 | Lair:1   | Found a runed translucent gate.
 20582 | Lair:1   | Found a runed translucent gate.
 20624 | Lair:1   | Killed Uziduoj's ghost
 20674 | Lair:1   | Got a sapphire-studded crystal plate armour
 20685 | Lair:1   | Identified the +2 crystal plate armour "Utocomah" {Dex+3}
                  | (You acquired it on level 1 of the Lair of Beasts)
 20705 | Lair:1   | Got a faintly humming chain mail
 21603 | Lair:2   | Found a runed translucent gate.
 21604 | Lair:2   | Found a runed translucent gate.
 21605 | Lair:2   | Found a runed translucent gate.
 21663 | Lair:2   | Noticed bildradio's ghost (journeyman GrEE)
 21688 | Lair:2   | Killed bildradio's ghost
 21688 | Lair:2   | Reached XP level 16. HP: 129/129 MP: 25/25
 21707 | Lair:2   | Got a faintly glowing leather armour
 22131 | Lair:3   | Found a staircase to the Shoals.
 22849 | Lair:4   | Got an iridescent trident
 23067 | Lair:4   | Noticed Urug
 23100 | Lair:4   | Killed Urug
 23105 | Lair:4   | Received a gift from Okawaru
 23527 | Lair:4   | Found a hole to the Spider Nest.
 23701 | Lair:4   | Noticed Nergalle
 23712 | Lair:4   | Killed Nergalle
 24185 | Lair:5   | Found a staircase to the Slime Pits.
 24442 | Lair:5   | You fall through a shaft!
 24442 | Lair:6   | Entered Level 6 of the Lair of Beasts
 25068 | Lair:6   | Found a snail-covered altar of Cheibriados.
 25226 | Lair:6   | Found a runed translucent door.
 25339 | Lair:6   | Paralysed by a hornet for 3 turns
 25369 | Lair:6   | Received a gift from Okawaru
 25632 | Lair:6   | Reached XP level 17. HP: 81/138 MP: 27/27
 26443 | Elf:1    | Entered Level 1 of the Elven Halls
 26910 | Elf:1    | Received a gift from Okawaru
 27034 | Elf:1    | Found Icaon's Antique Weapon Boutique.
 27247 | Elf:1    | Noticed a deep elf master archer
 27271 | Elf:1    | Killed a deep elf master archer
 27673 | Elf:2    | Noticed Saint Roka
 27846 | Elf:2    | Killed Saint Roka
 27846 | Elf:2    | Reached skill level 1 in Invocations
 28099 | Elf:2    | Found a runed translucent gate.
 28099 | Elf:2    | Found a runed translucent gate.
 28099 | Elf:2    | Found a runed translucent gate.
 28555 | Elf:2    | Noticed Louise
 28610 | Elf:2    | Reached XP level 18. HP: 48/147 MP: 28/28
 28610 | Elf:2    | Killed Louise
 28610 | Elf:2    | Received a gift from Okawaru
 28613 | Elf:2    | Got a dazzling chain mail {god gift}
 28797 | Elf:2    | Noticed Asterion
 29218 | Orc:2    | Bought a runed shield for 210 gold pieces
 29697 | Elf:2    | Killed Asterion
 29981 | Elf:3    | Entered Level 3 of the Elven Halls
 30613 | Elf:3    | Noticed a deep elf blademaster
 30617 | Elf:3    | Reached skill level 5 in Shields
 30641 | Elf:3    | Killed a deep elf blademaster
 30654 | Elf:3    | Noticed a deep elf blademaster
 30678 | Elf:3    | Killed a deep elf blademaster
 30678 | Elf:3    | Received a gift from Okawaru
 30678 | Elf:3    | Reached skill level 15 in Armour
 30722 | Elf:3    | Reached skill level 15 in Fighting
 30955 | Elf:3    | Reached skill level 5 in Invocations
 31123 | Elf:3    | Noticed an Ice Fiend
 31223 | Elf:3    | Got a transparent chain mail
 31226 | Elf:3    | Got a bloodstained hand axe
 31229 | Elf:3    | Got a jewelled executioner's axe
 31237 | Elf:3    | Identified the +3 executioner's axe "Cyurgh" {vamp, rElec
                  | Str+4} (You found it on level 3 of the Elven Halls)
 31238 | Elf:3    | Identified the +1 hand axe of Imminent Death {venom, +Fly
                  | rC+} (You found it on level 3 of the Elven Halls)
 31284 | Elf:3    | Received a gift from Okawaru
 31287 | Elf:3    | Got a steaming hand crossbow {god gift}
 31291 | Elf:3    | Identified the +10 hand crossbow of Contention {velocity,
                  | Int+5} (Okawaru gifted it to you on level 3 of the Elven
                  | Halls)
 31464 | D:13     | Noticed Frances
 31491 | D:13     | Killed Frances
 31491 | D:13     | Reached XP level 19. HP: 153/155 MP: 30/30
 31698 | Elf:3    | Noticed a deep elf blademaster
 31720 | Elf:3    | Killed a deep elf blademaster
 31761 | Elf:3    | Got an ancient great mace
 31769 | Elf:3    | Identified the +5 great mace of Regicide {crush, +Blink
                  | rElec rF- MR+} (You found it on level 3 of the Elven Halls)
 31984 | Elf:3    | Reached skill level 1 in Crossbows
 32173 | Elf:3    | Identified the +7 flail "Gat Icsu" {venom, rF+}
 32178 | Elf:3    | Noticed a Hell Sentinel
 32389 | Elf:3    | Reached skill level 15 in Dodging
 32407 | Elf:3    | Cast into level 2 of the Abyss (a deep elf sorcerer)
 32436 | Abyss:2  | Found a shattered altar of Ashenzari.
 32473 | Abyss:2  | Found a shattered altar of Ashenzari.
 32497 | Abyss:2  | Received a gift from Okawaru
 32544 | Abyss:2  | Got a bloodstained great sword {god gift}
 32989 | Abyss:2  | Noticed a bone dragon
 33055 | Abyss:2  | Killed a bone dragon
 33055 | Abyss:2  | Reached skill level 15 in Evocations
 33069 | Elf:3    | Escaped the Abyss
 33541 | Elf:3    | Identified the +1 great sword "Puptep" {venom, rElec rF++
                  | Int+3 Dex-5} (Okawaru gifted it to you on level 2 of the
                  | Abyss)
 33598 | Elf:3    | Identified the Compendium of Destructive Lightness
 34046 | Shoals:1 | Entered Level 1 of the Shoals
 34106 | Shoals:1 | Received a gift from Okawaru
 34265 | Shoals:1 | Reached XP level 20. HP: 163/163 MP: 31/31
 36110 | Shoals:2 | Received a gift from Okawaru
 36443 | Shoals:3 | Noticed Ilsuiw
 36497 | Shoals:3 | Killed Ilsuiw
 36511 | Shoals:3 | Received a gift from Okawaru
 36685 | Shoals:3 | Reached skill level 5 in Crossbows
 36776 | Shoals:3 | Noticed Jorgrun
 36781 | Shoals:3 | Killed Jorgrun
 37138 | Shoals:4 | Entered Level 4 of the Shoals
 37180 | Shoals:4 | Noticed Kirke
 37202 | Shoals:4 | Killed Kirke
 37202 | Shoals:4 | Received a gift from Okawaru
 37320 | Shoals:4 | Reached skill level 10 in Long Blades
 37543 | Shoals:4 | Reached skill level 10 in Shields
 37719 | Shoals:4 | Noticed Polyphemus
 37729 | Shoals:4 | HP: 8/164 [barbs]
 38417 | Shoals:4 | Reached XP level 21. HP: 170/170 MP: 32/32
 38565 | Shoals:4 | Got a scorched hand axe
 38725 | Shoals:4 | Got a barnacled rune of Zot
 38909 | Shoals:4 | Identified the ring of Dibouf {+Fly rF- Int+5 Slay+3}
 38916 | Shoals:4 | Received a gift from Okawaru
 39037 | Shoals:4 | Killed Polyphemus
 39507 | D:8      | Noticed Erica
 39513 | D:8      | Killed Erica
 39664 | D:8      | Found a runed translucent door.
 39664 | D:8      | Noticed Frank2's ghost (novice DgGl)
 39892 | D:8      | Found Senipepi's Armour Shoppe.
 40284 | Depths:1 | Entered Level 1 of the Depths
 40313 | Depths:1 | Received a gift from Okawaru
 40766 | Depths:1 | Paralysed by a great orb of eyes for 4 turns
 41381 | Depths:1 | Found a gateway to Hell.
 41567 | Depths:1 | Found a one-way gate leading to the halls of Pandemonium.
 41761 | Depths:1 | Received a gift from Okawaru
 42302 | Depths:2 | Received a gift from Okawaru
 42305 | Depths:2 | Got a twisted crystal plate armour {god gift}
 42342 | Depths:2 | Got a warped morningstar
 42343 | Depths:2 | Identified the +1 crystal plate armour "Tusavuvo" {rPois
                  | rN+} (Okawaru gifted it to you on level 2 of the Depths)
 42433 | Depths:2 | Reached XP level 22. HP: 123/178 MP: 33/33
 42998 | Depths:2 | Identified the +7 hand axe "Zopsegis" {protect, Int+7} (You
                  | found it on level 4 of the Shoals)
 42999 | Depths:2 | Identified the +1 morningstar of Okaapim {venom, Str+3}
                  | (You found it on level 2 of the Depths)
 43006 | Depths:2 | Got a bloodstained chain mail
 43461 | Depths:2 | Got a scorched morningstar
 43469 | Depths:2 | Identified the +5 morningstar "Zaebacs" {pain, Str+4} (You
                  | found it on level 2 of the Depths)
 43932 | Depths:3 | Received a gift from Okawaru
 43989 | Depths:3 | Paralysed by a floating eye for 3 turns
 44161 | Depths:3 | Noticed a caustic shrike
 44161 | Depths:3 | an iron dragon changed into a caustic shrike
 44174 | Depths:3 | a caustic shrike changed into an iron dragon
 44251 | Depths:3 | Received a gift from Okawaru
 44432 | Depths:3 | Got twisted acid dragon scales {god gift}
 44692 | Depths:3 | Reached skill level 10 in Invocations
 44809 | Depths:3 | Reached XP level 23. HP: 142/185 MP: 35/35
 44834 | Depths:3 | Got a polished chain mail
 44886 | Depths:3 | Got a heavily runed silver ring
 44887 | Depths:3 | Identified the ring of Midwinter {Ice *Drain +Fly rPois
                  | Int+4} (You found it on level 3 of the Depths)
 45086 | Depths:3 | Got a transparent shortbow
 45137 | Depths:3 | Identified the +5 shortbow of the Silent Majority {venom,
                  | rN+} (You found it on level 3 of the Depths)
 45237 | Depths:3 | Got a transparent plate armour
 45238 | Depths:3 | Identified the +6 plate armour "Kause" {rPois rF+} (You
                  | found it on level 3 of the Depths)
 45591 | Depths:3 | Got a pair of polished gloves
 45601 | Depths:3 | Identified the cursed +0 pair of gloves of Claustrophobia
                  | {rC+} (You found it on level 3 of the Depths)
 45652 | Depths:4 | Reached skill level 10 in Crossbows
 45920 | Depths:4 | Identified the +7 chain mail "Riny Emi" {Dex+5}
 45958 | Depths:4 | Found a transporter.
 45971 | Depths:4 | Noticed an ancient lich
 45972 | Depths:4 | Noticed Beacw's ghost (adept VSGl)
 46362 | Depths:4 | Found a one-way gate to the infinite horrors of the Abyss.
 46383 | Depths:4 | Found Eratache's Distillery.
 46470 | Depths:4 | Found a transporter.
 46561 | Depths:4 | Noticed a golden dragon
 46563 | Depths:4 | Noticed a juggernaut
 46580 | Depths:4 | Killed a golden dragon
 46613 | Depths:4 | Killed a juggernaut
 46613 | Depths:4 | Received a gift from Okawaru
 46802 | Depths:4 | Noticed a golden dragon
 46815 | Depths:4 | Killed a golden dragon
 46957 | Depths:4 | Paralysed by a great orb of eyes for 2 turns
 47137 | Depths:4 | Received a gift from Okawaru
 47248 | Depths:4 | Received a gift from Okawaru
 47700 | Depths:5 | Entered Level 5 of the Depths
 47732 | Depths:5 | Got a steaming hunting sling
 47739 | Depths:5 | Identified the +9 hunting sling "Gecs" {freeze, *Contam
                  | +Blink Str+4} (You found it on level 5 of the Depths)
 47763 | Depths:5 | Noticed a golden dragon
 47767 | Depths:5 | Received a gift from Okawaru
 47770 | Depths:5 | Paralysed by a lich for 3 turns
 47787 | Depths:5 | Blown up by a lich

Skill      XL: |  1  2  3  4  5  6  7  8  9 10 11 12 13 14 15 16 17 18 19 20 21 22 23 |
---------------+----------------------------------------------------------------------+-----
Dodging        | 1 2 3 4 5 6 7 9 10 11 12 13 14 15 16 | 16.6
Long Blades    | 3 5 6 8 9 10 11 12 13 | 13.5
Fighting       | 4 5 6 7 8 9 10 12 13 14 15 16 | 16.9
Armour         | 4 5 6 7 8 9 10 12 13 14 15 16 | 16.8
Evocations     | 2 3 4 5 7 8 10 11 12 13 14 15 16 | 16.5
Short Blades   | 3 5 |  5.6
Invocations    | 2 5 7 8 9 10 | 10.9
Shields        | 6 8 10 11 12 13 | 13.5
Crossbows      | 3 6 8 9 10 | 10.0

Action                   |  1- 3 |  4- 6 |  7- 9 | 10-12 | 13-15 | 16-18 | 19-21 | 22-24 || total
-------------------------+-------+-------+-------+-------+-------+-------+-------+-------++-------
Melee: Long sword        |    65 |   182 |   399 |   114 |       |       |       |       ||   760
       Quick blade       |       |       |       |   619 |  1358 |  1769 |  1659 |  1064 ||  6469
       Punch             |       |       |       |     1 |     3 |     1 |       |       ||     5
 Fire: Hand crossbow     |       |       |       |       |       |       |   694 |   628 ||  1322
Throw: Stone             |       |     1 |    12 |     3 |       |       |       |       ||    16
       Tomahawk          |       |       |     1 |       |       |       |       |       ||     1
Invok: Heroism           |       |       |       |     3 |     7 |     6 |     6 |     5 ||    27
       Finesse           |       |       |       |       |       |     1 |     4 |     1 ||     6
Evoke: Wand              |       |     3 |    21 |     8 |     1 |    16 |     2 |     7 ||    58
       Box of beasts     |       |       |       |     3 |       |       |       |       ||     3
       Phantom mirror    |       |       |       |       |       |       |       |     2 ||     2
  Use: Scroll            |     5 |     5 |       |    19 |    12 |     9 |     8 |    14 ||    72
       Potion            |     1 |     1 |     1 |     8 |     3 |     3 |     7 |     3 ||    27
 Stab: Invisible         |       |       |       |     4 |       |       |       |       ||     4
       Petrifying        |       |       |       |       |       |     2 |       |       ||     2
       Petrified         |       |       |       |       |       |     1 |       |       ||     1
       Distracted        |       |       |       |       |       |       |       |     1 ||     1
  Eat: Chunk             |       |     7 |     3 |    11 |    24 |    25 |    27 |    12 ||   109
       Ration            |       |       |     3 |     4 |       |     2 |     3 |     1 ||    13
Armor: Scale mail        |    39 |    50 |       |       |       |       |       |       ||    89
       Plate armour      |       |    56 |   273 |   161 |       |       |       |       ||   490
       Skin              |       |       |    49 |       |       |       |       |       ||    49
       Crystal plate arm |       |       |       |    80 |   301 |   451 |   557 |   280 ||  1669
       Chain mail        |       |       |       |       |    10 |       |       |       ||    10
Dodge: Dodged            |    29 |   108 |   158 |   323 |   507 |   622 |   646 |   428 ||  2821
Block: Shield            |     7 |       |       |       |       |   128 |   764 |   449 ||  1348
       Reflection        |       |       |       |       |       |     4 |   100 |    20 ||   124
       Rpst.: Long sword |    13 |    29 |    54 |    18 |       |       |       |       ||   114
